WIN
ARIZONA (WIN) DIAMONDBACKS @ CINCINNATI (WIN) REDS
11/30/2046
 
TOP OF THE 1ST
Arizona (WIN) Diamondbacks batting - Pitching for Cincinnati (WIN) Reds : RHP Matt Johnson
Pitching: RHP Matt Johnson
Batting: LHB Jeff Taylor 0-0: Called Strike
0-1: Ball
1-1: Ball
2-1: Ball
3-1: Base on Balls
Batting: LHB Kevin Ferguson 0-0: Ball
1-0: Foul Ball, location: 2F
1-1: Called Strike
1-2: Foul Ball, location: 2F
1-2: Grounds into double play, 6-4-3 (Groundball, 6, EV 103.8 MPH)
Batting: RHB Chris Bittner 0-0: Called Strike
0-1: Ball
1-1: Ball
2-1: Ground out 5-3 (Groundball, 56S, EV 84.4 MPH)
Top of the 1st over - 0 runs, 0 hits, 0 errors, 0 left on base; Arizona (WIN) 0 - Cincinnati (WIN) 0
BOTTOM OF THE 1ST
Cincinnati (WIN) Reds batting - Pitching for Arizona (WIN) Diamondbacks : RHP Nate Machado
Pitching: RHP Nate Machado
Batting: RHB Solange Le Coq 0-0: Ball
1-0: Reached on error, E6 (Groundball, 6, EV 86.2 MPH)
Batting: RHB Colin Lord 0-0: Called Strike
0-1: Foul Ball, location: 2F
0-2: Ball
1-2: Strikes out swinging
Batting: RHB Chase Briney 0-0: Called Strike
0-1: Foul Ball, location: 2F
0-2: Strikes out swinging
Batting: SHB Freddie Farrar 0-0: SINGLE (Flyball, 5D, EV 84.4 MPH)
Solange Le Coq to third
Runner from 3rd tries for Home, SAFE, throw by LF to home
Freddie Farrar to second
Batting: RHB Chris Zamora 0-0: Foul Ball, location: 2F
0-1: Swinging Strike
0-2: Strikes out swinging
Bottom of the 1st over - 1 run, 1 hit, 1 error, 1 left on base; Arizona (WIN) 0 - Cincinnati (WIN) 1
TOP OF THE 2ND
Arizona (WIN) Diamondbacks batting - Pitching for Cincinnati (WIN) Reds : RHP Matt Johnson
Batting: RHB Edgar Garcia 0-0: Ball
1-0: Ball
2-0: Called Strike
2-1: Ball
3-1: Base on Balls
Batting: RHB Marlon Reda 0-0: Called Strike
0-1: Foul Ball, location: 2F
0-2: Ball
1-2: Ball
2-2: Foul Ball, location: 2F
2-2: Foul Ball, location: 2F
2-2: Foul Ball, location: 2F
2-2: Strikes out swinging
Batting: RHB Paul Schreiber 0-0: Fly out, F8 (Flyball, 8RM, EV 85.6 MPH)
Batting: SHB Blaine Peters 0-0: Ball
1-0: Called Strike
Edgar Garcia is caught stealing 2nd base 2-6
Top of the 2nd over - 0 runs, 0 hits, 0 errors, 0 left on base; Arizona (WIN) 0 - Cincinnati (WIN) 1
BOTTOM OF THE 2ND
Cincinnati (WIN) Reds batting - Pitching for Arizona (WIN) Diamondbacks : RHP Nate Machado
Batting: RHB Steve Anderson 0-0: Called Strike
0-1: Ball
1-1: Called Strike
1-2: Foul Ball, location: 2F
1-2: Ball
2-2: Strikes out swinging
Batting: RHB Frank Moron 0-0: Foul Ball, location: 2F
0-1: Ball
1-1: Ball
2-1: Ball
3-1: SINGLE (Line Drive, 7S, EV 106.2 MPH)
Batting: RHB Matt Silva 0-0: SINGLE (Groundball, 56D, EV 105.6 MPH)
Frank Moron to second
Batting: SHB Travis Morris 0-0: Ball
1-0: Foul Ball, location: 2F
1-1: Called Strike
1-2: Ball
2-2: Strikes out swinging
Batting: RHB Solange Le Coq 0-0: Called Strike
0-1: Ball
1-1: Ball
2-1: Foul Ball, location: 2F
2-2: Strikes out looking
Bottom of the 2nd over - 0 runs, 2 hits, 0 errors, 2 left on base; Arizona (WIN) 0 - Cincinnati (WIN) 1
TOP OF THE 3RD
Arizona (WIN) Diamondbacks batting - Pitching for Cincinnati (WIN) Reds : RHP Matt Johnson
Batting: SHB Blaine Peters 0-0: Called Strike
0-1: Foul Ball, location: 2F
0-2: Ball
1-2: Ball
2-2: Foul Ball, location: 2F
2-2: Fly out, F9 (Flyball, 9, EV 87.5 MPH)
Batting: RHB Franklin Villanueva 0-0: DOUBLE (Line Drive, 78M, EV 105.6 MPH)
Batting: RHB Sean Hartgrove 0-0: Called Strike
0-1: Swinging Strike
0-2: Ball
1-2: Ball
2-2: Strikes out swinging
Batting: LHB Jeff Taylor 0-0: Foul Ball, location: 2F
0-1: Swinging Strike
0-2: Strikes out looking
Top of the 3rd over - 0 runs, 1 hit, 0 errors, 1 left on base; Arizona (WIN) 0 - Cincinnati (WIN) 1
BOTTOM OF THE 3RD
Cincinnati (WIN) Reds batting - Pitching for Arizona (WIN) Diamondbacks : RHP Nate Machado
Batting: RHB Colin Lord 0-0: Called Strike
0-1: Foul Ball, location: 2F
0-2: Ball
1-2: SINGLE (Line Drive, 78S, EV 99.4 MPH)
Batting: RHB Chase Briney 0-0: Ball
1-0: Ball
Colin Lord steals 2nd base
2-0: Ball
3-0: Called Strike
3-1: Foul Ball, location: 2F
3-2: Strikes out swinging
Batting: SHB Freddie Farrar 0-0: SINGLE (Groundball, 56S, EV 68.8 MPH) (infield hit)
Colin Lord to third
Batting: RHB Chris Zamora 0-0: Ball
1-0: Swinging Strike
1-1: SINGLE (Groundball, 6D, EV 94.4 MPH)
Colin Lord scores
Freddie Farrar to second
Batting: RHB Steve Anderson 0-0: Ball
1-0: Called Strike
1-1: Called Strike
1-2: Strikes out swinging
Batting: RHB Frank Moron 0-0: Ball
1-0: 3-RUN HOME RUN (Flyball, 9D, EV 98.1 MPH), Distance : 365 ft
Batting: RHB Matt Silva 0-0: Foul Ball, location: 2F
0-1: Swinging Strike
0-2: Ball
1-2: Strikes out swinging
Bottom of the 3rd over - 4 runs, 4 hits, 0 errors, 0 left on base; Arizona (WIN) 0 - Cincinnati (WIN) 5
TOP OF THE 4TH
Arizona (WIN) Diamondbacks batting - Pitching for Cincinnati (WIN) Reds : RHP Matt Johnson
Batting: LHB Kevin Ferguson 0-0: Ball
1-0: Foul Ball, location: 2F
1-1: Foul Ball, location: 2F
1-2: Foul Ball, location: 2F
1-2: Foul Ball, location: 2F
1-2: Strikes out swinging
Batting: RHB Chris Bittner 0-0: Called Strike
0-1: Ball
1-1: Ball
2-1: Swinging Strike
2-2: Strikes out swinging
Batting: RHB Edgar Garcia 0-0: Ball
1-0: SINGLE (Groundball, 4MD, EV 101.2 MPH)
Batting: RHB Marlon Reda 0-0: Called Strike
Edgar Garcia steals 2nd base
0-1: Ball
1-1: Swinging Strike
1-2: Foul Ball, location: 2F
1-2: Foul Ball, location: 2F
1-2: Foul Ball, location: 2F
1-2: Ball
2-2: Foul Ball, location: 2F
2-2: Strikes out swinging
Top of the 4th over - 0 runs, 1 hit, 0 errors, 1 left on base; Arizona (WIN) 0 - Cincinnati (WIN) 5
BOTTOM OF THE 4TH
Cincinnati (WIN) Reds batting - Pitching for Arizona (WIN) Diamondbacks : RHP Nate Machado
Batting: SHB Travis Morris 0-0: Ground out U3 (Groundball, 3L, EV 83.1 MPH)
Batting: RHB Solange Le Coq 0-0: Ball
1-0: Called Strike
1-1: Ball
2-1: Fly out, F9 (Flyball, 9, EV 76.2 MPH)
Batting: RHB Colin Lord 0-0: Ball
1-0: Swinging Strike
1-1: Swinging Strike
1-2: Ball
2-2: Foul Ball, location: 2F
2-2: Ball
3-2: Base on Balls
Batting: RHB Chase Briney 0-0: Ball
1-0: Fly out, F7 (Flyball, 7D, EV 106.2 MPH)
Bottom of the 4th over - 0 runs, 0 hits, 0 errors, 1 left on base; Arizona (WIN) 0 - Cincinnati (WIN) 5
TOP OF THE 5TH
Arizona (WIN) Diamondbacks batting - Pitching for Cincinnati (WIN) Reds : RHP Matt Johnson
Batting: RHB Paul Schreiber 0-0: Called Strike
0-1: Ball
1-1: SINGLE (Line Drive, 78S, EV 103.1 MPH)
Batting: SHB Blaine Peters 0-0: Called Strike
0-1: Ball
1-1: Ball
2-1: DOUBLE (Line Drive, 89D, EV 106.9 MPH)
Paul Schreiber to third
Batting: RHB Franklin Villanueva 0-0: Ball
1-0: Called Strike
1-1: Ground out 6-3 (Groundball, 6, EV 83.8 MPH)
Paul Schreiber scores
Blaine Peters to third
Batting: RHB Sean Hartgrove 0-0: Called Strike
0-1: Foul Ball, location: 2F
0-2: Ball
1-2: Ball
2-2: Strikes out swinging
Batting: LHB Jeff Taylor 0-0: Ball
1-0: Foul Ball, location: 2F
1-1: Ball
2-1: Ground out U3 (Groundball, 34, EV 82.5 MPH)
Top of the 5th over - 1 run, 2 hits, 0 errors, 1 left on base; Arizona (WIN) 1 - Cincinnati (WIN) 5
BOTTOM OF THE 5TH
Cincinnati (WIN) Reds batting - Pitching for Arizona (WIN) Diamondbacks : RHP Nate Machado
Batting: SHB Freddie Farrar 0-0: Ball
1-0: Ball
2-0: Ball
3-0: Called Strike
3-1: Swinging Strike
3-2: Strikes out swinging
Batting: RHB Chris Zamora 0-0: Swinging Strike
0-1: Called Strike
0-2: Ball
1-2: Strikes out swinging
Batting: RHB Steve Anderson 0-0: Ground out 5-3 (Groundball, 56, EV 98.1 MPH)
Bottom of the 5th over - 0 runs, 0 hits, 0 errors, 0 left on base; Arizona (WIN) 1 - Cincinnati (WIN) 5
TOP OF THE 6TH
Arizona (WIN) Diamondbacks batting - Pitching for Cincinnati (WIN) Reds : RHP Matt Johnson
Batting: LHB Kevin Ferguson 0-0: Called Strike
0-1: Foul Ball, location: 2F
0-2: Foul Ball, location: 2F
0-2: Foul Ball, location: 2F
0-2: Strikes out swinging
Batting: RHB Chris Bittner 0-0: Ball
1-0: Called Strike
1-1: Swinging Strike
1-2: Foul Ball, location: 2F
1-2: Strikes out swinging
Batting: RHB Edgar Garcia 0-0: Ball
1-0: Swinging Strike
1-1: Called Strike
1-2: Foul Ball, location: 2F
1-2: Ball
2-2: Fly out, F6 (Popup, 6M, EV 72.5 MPH)
Top of the 6th over - 0 runs, 0 hits, 0 errors, 0 left on base; Arizona (WIN) 1 - Cincinnati (WIN) 5
BOTTOM OF THE 6TH
Cincinnati (WIN) Reds batting - Pitching for Arizona (WIN) Diamondbacks : RHP Nate Machado
Pitching: RHP Jose Fernandez
Batting: RHB Frank Moron 0-0: Swinging Strike
0-1: Fly out, F8 (Flyball, 78M, EV 78.8 MPH)
Batting: RHB Matt Silva 0-0: Ball
1-0: Ground out 5-3 (Groundball, 56, EV 85.0 MPH)
Batting: SHB Travis Morris 0-0: Ground out 6-3 (Groundball, 6S, EV 88.8 MPH)
Bottom of the 6th over - 0 runs, 0 hits, 0 errors, 0 left on base; Arizona (WIN) 1 - Cincinnati (WIN) 5
TOP OF THE 7TH
Arizona (WIN) Diamondbacks batting - Pitching for Cincinnati (WIN) Reds : RHP Matt Johnson
Pitching: RHP Hideki Kobayashi
Batting: RHB Marlon Reda 0-0: Swinging Strike
0-1: Ball
1-1: Ball
2-1: Ground out 4-3 (Groundball, 4, EV 86.9 MPH)
Batting: RHB Paul Schreiber 0-0: Ground out 6-3 (Groundball, 6, EV 83.8 MPH)
Batting: SHB Blaine Peters 0-0: Ball
1-0: Swinging Strike
1-1: Ground out U3 (Groundball, 3L, EV 80.6 MPH)
Top of the 7th over - 0 runs, 0 hits, 0 errors, 0 left on base; Arizona (WIN) 1 - Cincinnati (WIN) 5
BOTTOM OF THE 7TH
Cincinnati (WIN) Reds batting - Pitching for Arizona (WIN) Diamondbacks : RHP Jose Fernandez
Batting: RHB Solange Le Coq 0-0: Ball
1-0: Called Strike
1-1: Ball
2-1: Foul Ball, location: 2F
2-2: Foul Ball, location: 2F
2-2: Ball
3-2: SINGLE (Line Drive, 4MD, EV 94.4 MPH)
Batting: RHB Colin Lord 0-0: Sac Bunt to 13S - play at first, batter OUT! 1-3
Solange Le Coq to second
Batting: RHB Chase Briney 0-0: Foul Ball, location: 2F
0-1: Ball
1-1: Ball
2-1: Foul Ball, location: 2F
2-2: Reached via error on a dropped throw from 3B, E3 (Groundball, 15, EV 78.8 MPH)
Solange Le Coq to third
Batting: SHB Freddie Farrar 0-0: Ball
1-0: Ball
2-0: Foul Ball, location: 2F
2-1: Foul Ball, location: 2F
2-2: Ball
3-2: Foul Ball, location: 2F
3-2: Fielders Choice at 2nd, 4-6 (Groundball, 34, EV 101.9 MPH)
Solange Le Coq scores
Batting: RHB Chris Zamora 0-0: Ball
1-0: Ball
2-0: Called Strike
2-1: Swinging Strike
2-2: Foul Ball, location: 2F
2-2: Strikes out swinging
Bottom of the 7th over - 1 run, 1 hit, 1 error, 1 left on base; Arizona (WIN) 1 - Cincinnati (WIN) 6
TOP OF THE 8TH
Arizona (WIN) Diamondbacks batting - Pitching for Cincinnati (WIN) Reds : RHP Hideki Kobayashi
Batting: RHB Franklin Villanueva 0-0: Ball
1-0: Swinging Strike
1-1: Called Strike
1-2: Strikes out swinging
Batting: RHB Sean Hartgrove 0-0: Called Strike
0-1: Ball
1-1: Called Strike
1-2: Fly out, F7 (Flyball, 7D, EV 105.0 MPH)
Batting: LHB Jeff Taylor 0-0: Ball
1-0: Ball
2-0: Ball
3-0: Called Strike
3-1: Reached on error, E5 (Groundball, 5D, EV 93.1 MPH)
Batting: LHB Kevin Ferguson 0-0: Ball
1-0: Foul Ball, location: 2F
1-1: Called Strike
1-2: Ball
2-2: SINGLE (Line Drive, 7S, EV 101.2 MPH)
Jeff Taylor to second
Runner from 2nd tries for 3rd, SAFE, throw by LF made to third
Batting: RHB Chris Bittner 0-0: Called Strike
0-1: Ball
1-1: Foul Ball, location: 2F
1-2: Ball
2-2: Fly out, F7 (Flyball, 7LM, EV 91.2 MPH)
Top of the 8th over - 0 runs, 1 hit, 1 error, 2 left on base; Arizona (WIN) 1 - Cincinnati (WIN) 6
BOTTOM OF THE 8TH
Cincinnati (WIN) Reds batting - Pitching for Arizona (WIN) Diamondbacks : RHP Jose Fernandez
Batting: RHB Steve Anderson 0-0: Called Strike
0-1: Ball
1-1: Ball
2-1: Swinging Strike
2-2: Ball
3-2: Base on Balls
Pitching: RHP Manny Ferrer
Batting: RHB Frank Moron 0-0: Swinging Strike
0-1: Swinging Strike
0-2: Ball
1-2: Fly out, F8 (Flyball, 8RXD, EV 105.6 MPH)
Batting: RHB Matt Silva 0-0: Ball
1-0: Foul Ball, location: 2F
1-1: Fly out, F3 (Line Drive, 3L, EV 71.9 MPH)
Lined into DP, U3 (Line Drive, 3L, EV 71.2 MPH)
Bottom of the 8th over - 0 runs, 0 hits, 0 errors, 0 left on base; Arizona (WIN) 1 - Cincinnati (WIN) 6
TOP OF THE 9TH
Arizona (WIN) Diamondbacks batting - Pitching for Cincinnati (WIN) Reds : RHP Hideki Kobayashi
Pitching: RHP Dave Hammertime
Batting: RHB Edgar Garcia 0-0: Called Strike
0-1: Ball
1-1: Ground out 6-3 (Groundball, 6, EV 88.8 MPH)
Batting: RHB Marlon Reda 0-0: Called Strike
0-1: Fly out, F8 (Flyball, 8LD, EV 79.4 MPH)
Batting: RHB Paul Schreiber 0-0: Swinging Strike
0-1: Ball
1-1: SOLO HOME RUN (Line Drive, 78XD, EV 101.9 MPH), Distance : 400 ft
Batting: SHB Blaine Peters 0-0: Ground out 4-3 (Groundball, 4, EV 90.0 MPH)
Top of the 9th over - 1 run, 1 hit, 0 errors, 0 left on base; Arizona (WIN) 2 - Cincinnati (WIN) 6
Tuesday, September 13th , 2022 - OOTP Baseball 23.7 Build 88